[ AOE2 MATCH · #495332231 ]
UnrankedJurchens vs Teutons
Player's team · WIN
Rival team · LOSS
[ REPLAY ANALYSIS · EXTRACTED FROM THE RECORDED GAME ]
Feudal
10:31
Castle
14:36
Imperial
36:52
| APM avg | 50.3 |
| APM peak | 83 |
| eAPM avg | 25.9 |
| Villagers / military | 151 / 284 |
Focus
⚔️ 45.1% · 🌾 54.9%
Scout Cavalry ×164 · Cavalry Archer ×81 · Iron Pagoda ×22 · Trebuchet (Packed) ×8 · Scorpion ×4 · Unknown (1911) ×4
Feudal
8:50
Castle
22:14
Imperial
34:28
| APM avg | 55.5 |
| APM peak | 103 |
| eAPM avg | 31.7 |
| Villagers / military | 176 / 275 |
Focus
⚔️ 39.4% · 🌾 60.6%
Spearman ×179 · Scorpion ×53 · Monk ×19 · Bombard Cannon ×8 · Knight ×6 · Scout Cavalry ×5
Match map
Initial resources + every placement click. Lines = walls · curves = elevation contours. ◆ gold · ⬟ stone · ● berries · ✦ relic · ◌ wall gap
Your base· ✓ Closed at 14:36 · 16t walls · 3 gate(s)
Moneimon's base· ✓ Closed at 22:14 · 3t walls · 2 gate(s)
Smoothed initial terrain · ◌ = detected wall gap · hover for details
Inputs per minute
— buddybadi - - Moneimon
Build order — buddybadi
First 150 of 507 actions detected
| 0:00 | Create | Villager (Male) |
| 0:01 | Create | Villager (Male) |
| 0:01 | Create | Villager (Male) |
| 0:01 | Create | Villager (Male) |
| 0:02 | Build | House |
| 0:04 | Build | House |
| 1:36 | Create | Villager (Male) |
| 1:49 | Create | Villager (Male) |
| 2:09 | Build | Lumber Camp |
| 2:24 | Create | Villager (Male) |
| 2:48 | Create | Villager (Male) |
| 3:13 | Create | Villager (Male) |
| 3:41 | Create | Villager (Male) |
| 3:49 | Build | House |
| 3:52 | Build | House |
| 4:04 | Create | Villager (Male) |
| 4:22 | Build | Mill |
| 4:25 | Create | Villager (Male) |
| 4:43 | Build | House |
| 4:50 | Create | Villager (Male) |
| 5:26 | Create | Villager (Male) |
| 5:37 | Build | Farm |
| 5:41 | Create | Villager (Male) |
| 5:56 | Create | Villager (Male) |
| 6:23 | Create | Villager (Male) |
| 6:25 | Build | Mining Camp |
| 6:49 | Create | Villager (Male) |
| 7:21 | Create | Villager (Male) |
| 7:47 | Research | Loom |
| 8:18 | Research | Feudal Age |
| 9:40 | Build | House |
| 10:04 | Build | Palisade Wall |
| 10:31 | Age | Feudal Age |
| 10:36 | Build | Market |
| 10:39 | Build | Blacksmith |
| 10:46 | Build | Stone Wall |
| 10:48 | Build | Gate |
| 10:52 | Build | Stone Wall |
| 11:06 | Create | Villager (Male) |
| 11:20 | Build | Stone Wall |
| 11:23 | Build | Stone Wall |
| 11:25 | Build | Stone Wall |
| 11:33 | Build | Stone Wall |
| 11:56 | Research | Castle Age |
| 12:01 | Research | Double-Bit Axe |
| 12:33 | Research | Horse Collar |
| 12:56 | Build | Market |
| 13:02 | Build | House |
| 13:04 | Build | House |
| 13:06 | Build | Stone Wall |
| 13:17 | Build | House |
| 13:34 | Build | Stone Wall |
| 14:16 | Create | Villager (Male) |
| 14:35 | Build | Stone Wall |
| 14:36 | Age | Castle Age |
| 14:42 | Build | Siege Workshop |
| 15:05 | Build | Stone Wall |
| 15:12 | Create | Villager (Male) |
| 15:17 | Create | Iron Pagoda |
| 15:34 | Create | Villager (Male) |
| 15:49 | Create | Iron Pagoda |
| 16:01 | Create | Villager (Male) |
| 16:18 | Create | Scorpion |
| 16:22 | Create | Villager (Male) |
| 16:49 | Create | Villager (Male) |
| 17:09 | Create | Scorpion |
| 17:17 | Build | Farm |
| 17:18 | Build | House |
| 17:23 | Create | Villager (Male) |
| 17:32 | Build | House |
| 17:37 | Build | Farm |
| 17:39 | Build | Farm |
| 17:41 | Create | Villager (Male) |
| 18:15 | Create | Scorpion |
| 18:21 | Create | Scorpion |
| 18:22 | Create | Villager (Male) |
| 18:23 | Create | Villager (Male) |
| 18:55 | Create | Villager (Male) |
| 19:04 | Build | House |
| 19:29 | Build | House |
| 19:30 | Create | Villager (Male) |
| 19:47 | Create | Battering Ram |
| 19:56 | Create | Villager (Male) |
| 20:04 | Build | Farm |
| 20:06 | Build | Farm |
| 20:33 | Create | Villager (Male) |
| 20:42 | Build | Town Center |
| 20:58 | Create | Villager (Male) |
| 21:06 | Build | Farm |
| 21:11 | Build | Farm |
| 21:13 | Build | Farm |
| 21:49 | Create | Villager (Male) |
| 21:50 | Build | Farm |
| 21:52 | Create | Villager (Male) |
| 21:52 | Create | Villager (Male) |
| 21:55 | Build | Farm |
| 21:57 | Build | Farm |
| 22:01 | Build | Farm |
| 22:17 | Create | Villager (Male) |
| 22:21 | Build | Farm |
| 22:31 | Create | Villager (Male) |
| 22:34 | Build | Farm |
| 22:44 | Create | Villager (Male) |
| 22:49 | Build | Monastery |
| 22:54 | Create | Villager (Male) |
| 23:04 | Build | Farm |
| 23:16 | Build | Town Center |
| 23:25 | Create | Villager (Male) |
| 23:25 | Create | Villager (Male) |
| 23:37 | Create | Villager (Male) |
| 23:39 | Build | Farm |
| 23:39 | Build | Farm |
| 23:47 | Build | House |
| 23:48 | Build | House |
| 23:49 | Build | House |
| 23:50 | Build | House |
| 23:55 | Create | Villager (Male) |
| 23:55 | Create | Villager (Male) |
| 24:17 | Create | Villager (Male) |
| 24:17 | Create | Villager (Male) |
| 24:19 | Build | Farm |
| 24:20 | Build | Farm |
| 24:21 | Create | Villager (Male) |
| 24:26 | Build | Barracks |
| 24:39 | Build | House |
| 24:40 | Build | House |
| 24:41 | Build | House |
| 24:42 | Create | Villager (Male) |
| 24:45 | Create | Villager (Male) |
| 24:49 | Build | Farm |
| 24:50 | Build | Farm |
| 24:53 | Build | Farm |
| 24:53 | Build | Farm |
| 24:59 | Create | Villager (Male) |
| 24:59 | Create | Villager (Male) |
| 25:16 | Research | Bow Saw |
| 25:20 | Create | Monk |
| 25:29 | Build | Farm |
| 25:30 | Build | Farm |
| 25:31 | Create | Villager (Male) |
| 25:41 | Create | Villager (Male) |
| 25:43 | Build | Archery Range |
| 25:47 | Create | Villager (Male) |
| 25:49 | Build | Farm |
| 25:52 | Create | Villager (Male) |
| 25:59 | Create | Villager (Male) |
| 26:05 | Create | Villager (Male) |
| 26:16 | Create | Villager (Male) |
| 26:19 | Build | House |
| 26:19 | Build | House |
Build order — Moneimon
First 150 of 630 actions detected
| 0:00 | Create | Villager (Male) |
| 0:00 | Create | Villager (Male) |
| 0:01 | Build | House |
| 0:02 | Build | House |
| 0:11 | Create | Villager (Male) |
| 0:12 | Create | Villager (Male) |
| 1:12 | Create | Villager (Male) |
| 1:47 | Build | Lumber Camp |
| 1:55 | Create | Villager (Male) |
| 2:15 | Create | Villager (Male) |
| 2:44 | Create | Villager (Male) |
| 2:54 | Create | Villager (Male) |
| 3:22 | Create | Villager (Male) |
| 3:56 | Create | Villager (Male) |
| 3:56 | Create | Villager (Male) |
| 4:00 | Build | House |
| 4:07 | Create | Villager (Male) |
| 4:42 | Create | Villager (Male) |
| 4:42 | Create | Villager (Male) |
| 5:00 | Create | Villager (Male) |
| 5:11 | Build | Mining Camp |
| 5:52 | Research | Loom |
| 6:16 | Research | Feudal Age |
| 6:45 | Build | House |
| 8:50 | Age | Feudal Age |
| 8:54 | Build | Watch Tower |
| 9:01 | Create | Villager (Male) |
| 9:01 | Research | Double-Bit Axe |
| 9:02 | Create | Villager (Male) |
| 9:49 | Create | Villager (Male) |
| 9:53 | Build | Mill |
| 9:55 | Build | House |
| 9:56 | Create | Villager (Male) |
| 10:39 | Create | Villager (Male) |
| 10:39 | Create | Villager (Male) |
| 10:56 | Build | Palisade Wall |
| 11:02 | Build | Watch Tower |
| 11:08 | Create | Villager (Male) |
| 11:16 | Build | Palisade Wall |
| 11:24 | Build | Farm |
| 11:25 | Build | House |
| 12:00 | Create | Villager (Male) |
| 12:03 | Build | Farm |
| 12:04 | Build | Blacksmith |
| 12:05 | Create | Villager (Male) |
| 12:17 | Create | Villager (Male) |
| 12:42 | Create | Villager (Male) |
| 12:54 | Build | Farm |
| 12:58 | Build | House |
| 13:04 | Create | Villager (Male) |
| 13:10 | Build | Mining Camp |
| 13:16 | Create | Villager (Male) |
| 13:43 | Build | Watch Tower |
| 13:47 | Create | Villager (Male) |
| 13:49 | Build | Farm |
| 13:49 | Build | Farm |
| 13:51 | Build | Farm |
| 14:15 | Create | Villager (Male) |
| 14:17 | Build | Farm |
| 14:30 | Create | Villager (Male) |
| 14:33 | Build | Farm |
| 14:34 | Build | House |
| 14:35 | Create | Villager (Male) |
| 15:04 | Create | Villager (Male) |
| 15:06 | Build | Barracks |
| 15:08 | Create | Villager (Male) |
| 15:22 | Create | Villager (Male) |
| 15:49 | Create | Villager (Male) |
| 16:24 | Build | Stable |
| 16:32 | Create | Villager (Male) |
| 16:36 | Build | Farm |
| 16:38 | Create | Villager (Male) |
| 16:56 | Create | Scout Cavalry |
| 16:56 | Create | Scout Cavalry |
| 17:06 | Create | Villager (Male) |
| 17:08 | Build | Farm |
| 17:34 | Create | Villager (Male) |
| 17:40 | Build | Market |
| 18:13 | Create | Villager (Male) |
| 18:18 | Create | Villager (Male) |
| 18:22 | Build | House |
| 18:23 | Build | Farm |
| 19:34 | Research | Castle Age |
| 19:34 | Research | Castle Age |
| 19:45 | Build | Mill |
| 19:50 | Create | Spearman |
| 19:56 | Build | Stable |
| 20:03 | Research | Horse Collar |
| 20:15 | Build | Farm |
| 20:38 | Build | Farm |
| 20:39 | Build | House |
| 20:53 | Create | Scout Cavalry |
| 21:06 | Research | Scale Barding Armor |
| 21:18 | Build | Farm |
| 21:25 | Create | Scout Cavalry |
| 21:30 | Build | Farm |
| 21:31 | Build | Stable |
| 21:58 | Create | Scout Cavalry |
| 22:03 | Research | Forging |
| 22:05 | Create | Villager (Male) |
| 22:09 | Build | Farm |
| 22:10 | Build | Farm |
| 22:13 | Build | Lumber Camp |
| 22:14 | Age | Castle Age |
| 22:18 | Create | Knight |
| 22:21 | Build | Farm |
| 22:31 | Create | Knight |
| 22:37 | Create | Knight |
| 22:40 | Create | Villager (Male) |
| 22:43 | Build | Farm |
| 22:56 | Create | Villager (Male) |
| 23:07 | Create | Villager (Male) |
| 23:08 | Build | Farm |
| 23:10 | Build | Monastery |
| 23:19 | Create | Knight |
| 23:30 | Create | Knight |
| 23:56 | Create | Knight |
| 23:57 | Create | Villager (Male) |
| 24:00 | Build | Town Center |
| 24:16 | Create | Villager (Male) |
| 24:26 | Build | House |
| 24:34 | Create | Monk |
| 24:42 | Create | Villager (Male) |
| 24:51 | Build | Town Center |
| 24:54 | Build | Farm |
| 24:55 | Build | House |
| 24:58 | Build | Farm |
| 24:59 | Build | House |
| 25:14 | Build | House |
| 25:14 | Build | House |
| 25:22 | Research | Wheelbarrow |
| 25:26 | Build | Farm |
| 25:28 | Build | Farm |
| 25:33 | Build | Farm |
| 25:35 | Create | Villager (Male) |
| 25:41 | Create | Monk |
| 25:47 | Create | Villager (Male) |
| 25:49 | Build | Farm |
| 25:51 | Build | Farm |
| 25:53 | Create | Villager (Male) |
| 26:01 | Create | Villager (Male) |
| 26:04 | Create | Villager (Male) |
| 26:15 | Create | Villager (Male) |
| 26:19 | Build | House |
| 26:20 | Build | House |
| 26:23 | Create | Villager (Male) |
| 26:26 | Build | Town Center |
| 26:28 | Create | Villager (Male) |
| 26:29 | Create | Villager (Male) |
| 26:31 | Build | Farm |
Match timeline
| 8:50 | Moneimon · age_up feudal |
| 10:04 | buddybadi · wall_segment Palisade Wall x1 |
| 10:31 | buddybadi · age_up feudal |
| 10:46 | buddybadi · wall_segment Stone Wall x6 |
| 10:52 | buddybadi · wall_segment Stone Wall x1 |
| 10:56 | Moneimon · wall_segment Palisade Wall x2 |
| 11:16 | Moneimon · wall_segment Palisade Wall x1 |
| 11:20 | buddybadi · wall_segment Stone Wall x1 |
| 11:23 | buddybadi · wall_segment Stone Wall x1 |
| 11:25 | buddybadi · wall_segment Stone Wall x1 |
| 11:33 | buddybadi · wall_segment Stone Wall x1 |
| 13:06 | buddybadi · wall_segment Stone Wall x1 |
| 13:34 | buddybadi · wall_segment Stone Wall x1 |
| 14:35 | buddybadi · wall_segment Stone Wall x2 |
| 14:36 | buddybadi · age_up castle |
| 14:42 | buddybadi · first_building Siege Workshop |
| 15:05 | buddybadi · wall_segment Stone Wall x2 |
| 15:06 | Moneimon · first_building Barracks |
| 16:24 | Moneimon · first_building Stable |
| 18:19 | buddybadi · first_market_buy 100 wood |
| 19:16 | Moneimon · first_market_sell 100 wood |
| 19:17 | Moneimon · first_market_buy 100 food |
| 22:14 | Moneimon · age_up castle |
| 22:49 | buddybadi · first_building Monastery |
| 23:10 | Moneimon · first_building Monastery |
| 24:26 | buddybadi · first_building Barracks |
| 25:43 | buddybadi · first_building Archery Range |
| 28:42 | Moneimon · first_building Siege Workshop |
| 28:44 | buddybadi · first_building Stable |
| 31:10 | buddybadi · first_market_sell 100 wood |
| 31:50 | buddybadi · first_building Castle |
| 32:37 | Moneimon · first_building Castle |
| 34:28 | Moneimon · age_up imperial |
| 36:52 | buddybadi · age_up imperial |
| 54:12 | Moneimon · resign |
[ AI ANALYSIS · 1 CREDIT ]
What really happened in this match?
Wolo.gg analyzes every decision: build order, eco, micro, common mistakes by bracket. Personalized analysis on WhatsApp or Discord in 30 seconds.
Civ guide
Jurchens
Perfil
buddybadi